 Dungeon Crawl Stone Soup version 0.31-a0-344-gd109795599 (webtiles) character file.

Game seed: 4803771569588176985

96 AIAndy the Magician (level 4, -5/31 HPs)
             Began as a Djinni Fire Elementalist on July 22, 2023.
             Killed by divine providence
             ... invoked by an orc priest
              (11 damage)
             ... on level 3 of the Dungeon.
             The game lasted 00:05:40 (1325 turns).

AIAndy the Magician (Djinni Fire Elementalist)      Turns: 1325, Time: 00:05:41

Health: -5/31      AC:  3    Str:  7    XL:     4   Next: 98%
Gold:   115        EV: 12    Int: 19    God:
                   SH:  0    Dex: 13

rFire   + + .        (no weapon)
rCold   x . .        (no shield)
rNeg    . . .        a - +0 robe
rPois   ∞            (no helmet)
rElec   .            (no cloak)
rCorr   .            i - +0 pair of gloves
SInv    .            (boots unavailable)
Will    .....        (no amulet)
Stlth   ++           (no ring)
HPRegen 0.25/turn    (no ring)
MPRegen 0.00/turn

%: infuse magic (-6 HP)
@: flying
A: sickness immunity, fire resistance 2, cold vulnerability 1, float, innate
caster, HP casting, extra vitality 1
a: no special abilities


You were on level 3 of the Dungeon.
You visited 1 branch of the dungeon, and saw 3 of its levels.

You collected 115 gold pieces.


Innate Abilities, Weirdness & Mutations

You are immune to sickness and miasma.
You are immune to poison.
Your flesh is very heat resistant. (rF++)
You are vulnerable to cold. (rC-)
You float through the air rather than walking.
You learn spells naturally, not from books.
Your magical power is your life essence.
You have superior vitality. (+4 MHP)


   Skills:
 - Level 2.1 Dodging
 - Level 1.5 Stealth
 + Level 4.4 Spellcasting
 + Level 4.4 Conjurations
 + Level 4.4 Hexes
 + Level 4.4 Summonings
 + Level 4.4 Necromancy
 + Level 4.4 Translocations
 + Level 4.4 Transmutations
 + Level 4.4 Fire Magic
 + Level 4.4 Ice Magic
 + Level 4.4 Air Magic
 + Level 4.4 Earth Magic
 + Level 4.4 Poison Magic


You knew the following spells:

 Your Spells              Type           Power      Damage    Failure   Level
a - Flame Wave            Conj/Fire      20%        2d7       22%         4
b - Necrotise             Necr           80%        1d8       2%          1
f - Inner Flame           Hex/Fire       20%        N/A       6%          3
X - Foxfire               Conj/Fire      80%        2x1d8     2%          1
Y - Scorch                Fire           40%        2d7       3%          2
Z - Volatile Blastmotes   Fire/Tloc      40%        2d13      6%          3
Your spell library was empty.

Inventory:

Armour
 a - a +0 robe (worn)
 i - a +0 pair of gloves (worn)
Talismans
 g - a serpent talisman
Scrolls
 f - 3 scrolls of teleportation {unknown}
 h - a scroll of immolation {unknown}
 m - a scroll of identify {unknown}
Potions
 b - a potion of attraction {unknown}
 c - 2 potions of mutation {unknown}
 d - a potion of resistance {unknown}
 e - a potion of magic {unknown}
 j - a potion of enlightenment {unknown}
 k - a potion of might {unknown}
 l - a potion of curing {unknown}

Dungeon Overview and Level Annotations

Branches:
Dungeon (3/15)

Altars:

.........[..# #..
......#.....# #..
#...###.....# #.#
..........### #o#
#.#..####.# #)#
.###.####.# #§# ##
##...#.# #§#
.###.##.#)#######§#
#.#.............@§#
...##.###..########
#.###.# #..#
#.###.###.##
....#.....#
....####### ....#
....# ....#


You could see an orc priest.


Message History

The foxfire hits the orc.
The orc is heavily wounded.
Casting: Foxfire (safe; 2% risk of failure)
Confirm with . or Enter, or press ? or * to list all spells.
You conjure some foxfire!
Your foxfire dissipates!
The foxfire hits the orc.
You kill the orc!
The orc priest mumbles some strange prayers to Beogh against you.
Beogh smites you!
* * * LOW HITPOINT WARNING * * *
Casting: Foxfire (safe; 2% risk of failure)
Confirm with . or Enter, or press ? or * to list all spells.
You conjure some foxfire!
* * * LOW HITPOINT WARNING * * *
The orc priest looks satisfied for a moment.
Your foxfire dissipates!
The foxfire hits the orc!
You kill the orc!
Casting: Foxfire (safe; 2% risk of failure)
Confirm with . or Enter, or press ? or * to list all spells.
You conjure some foxfire!
* * * LOW HITPOINT WARNING * * *
The foxfire hits the orc priest.
The orc priest is heavily wounded.
The foxfire hits the orc priest.
The orc priest is heavily wounded.
The orc priest invokes the aid of Beogh against you.
Beogh smites you!
You die...

Skill      XL: |  1  2  3  4 |
---------------+-------------+-----
Spellcasting   | 4 |  4.4
Conjurations   | 4 |  4.4
Hexes          | 4 |  4.4
Summonings     | 4 |  4.4
Necromancy     | 4 |  4.4
Translocations | 4 |  4.4
Transmutations | 4 |  4.4
Fire Magic     | 4 |  4.4
Ice Magic      | 4 |  4.4
Air Magic      | 4 |  4.4
Earth Magic    | 4 |  4.4
Poison Magic   | 4 |  4.4
Dodging        | |  2.1
Stealth        | |  1.5

Action                     |  1- 3 |  4- 6 || total
---------------------------+-------+-------++-------
  Melee: Unarmed           |       |     2 ||     2
   Cast: Foxfire           |    44 |    41 ||    85
         Scorch            |       |     3 ||     3
 Armour: Robe              |       |     2 ||     2
  Dodge: Dodged            |     2 |    10 ||    12

Levels and vault maps discovered:
D:1:      evilmike_arrival_crescent, layout_basic,
          hangedman_decor_clover_reticule
D:2:      minmay_wonky_spiral, layout_rooms, minmay_misc_feat_chi,
          wad_floor_pattern_untrapped, minmay_small_reverse_x
D:3:      layout_loops_cross, minmay_fountain_box, grunt_ministairs_3

Notes
Turn   | Place    | Note
-------+----------+-------------------------------------------
     0 | D:1      | Reached skill level 3 in Spellcasting
     0 | D:1      | Reached skill level 3 in Conjurations
     0 | D:1      | Reached skill level 3 in Hexes
     0 | D:1      | Reached skill level 3 in Summonings
     0 | D:1      | Reached skill level 3 in Necromancy
     0 | D:1      | Reached skill level 3 in Translocations
     0 | D:1      | Reached skill level 3 in Transmutations
     0 | D:1      | Reached skill level 3 in Fire Magic
     0 | D:1      | Reached skill level 3 in Ice Magic
     0 | D:1      | Reached skill level 3 in Air Magic
     0 | D:1      | Reached skill level 3 in Earth Magic
     0 | D:1      | Reached skill level 3 in Poison Magic
     0 | D:1      | AIAndy the Djinni Fire Elementalist began the quest for the
                  | Orb.
     0 | D:1      | AIAndy set off with the following spells memorised:
                  | Foxfire, Scorch, Volatile Blastmotes, Inner Flame, Flame
                  | Wave.
     0 | D:1      | Reached XP level 1. HP: 15/15 MP: 0/0
   172 | D:1      | Reached XP level 2. HP: 20/21 MP: 0/0
   310 | D:1      | Reached XP level 3. HP: 18/25 MP: 0/0
   310 | D:1      | Learned a level 1 spell: Necrotise
   663 | D:2      | Reached XP level 4. HP: 27/31 MP: 0/0
   686 | D:2      | Reached skill level 4 in Spellcasting
   686 | D:2      | Reached skill level 4 in Conjurations
   686 | D:2      | Reached skill level 4 in Hexes
   686 | D:2      | Reached skill level 4 in Summonings
   686 | D:2      | Reached skill level 4 in Necromancy
   686 | D:2      | Reached skill level 4 in Translocations
   686 | D:2      | Reached skill level 4 in Transmutations
   686 | D:2      | Reached skill level 4 in Fire Magic
   686 | D:2      | Reached skill level 4 in Ice Magic
   686 | D:2      | Reached skill level 4 in Air Magic
   686 | D:2      | Reached skill level 4 in Earth Magic
   686 | D:2      | Reached skill level 4 in Poison Magic
  1325 | D:3      | Killed from afar by an orc priest

Vanquished Creatures
  4 adders
  4 dart slugs
  A worm (D:2)
  2 orcs (D:3)
  6 endoplasms
  2 giant cockroaches
  4 goblins
  2 hobgoblins
  2 jackals (D:1)
  4 quokkas
  3 ball pythons
  6 bats
  3 kobolds
  3 rats
46 creatures vanquished.

Vanquished Creatures (others)
  128 foxfires
128 creatures vanquished.

Grand Total: 174 creatures vanquished

Table legend: (Time is in decaauts)
 A = Elapsed time spent in this place.
 B = Non-inter-level travel time spent in this place.
 C = Inter-level travel time spent in this place.
 D = Time resting spent in this place.
 E = Time spent auto-exploring this place.
 F = Levels seen in this place.
 G = Mean time per level.
                   A        B        C        D        E       F      G
               +--------+--------+--------+--------+--------+-----+--------+
         Total |   1324 |   1293 |     31 |      0 |   1011 |   3 |  441.3 |
       Dungeon |   1324 |   1293 |     31 |      0 |   1011 |   3 |  441.3 |
               +--------+--------+--------+--------+--------+-----+--------+

Top non-repeatable levels by time:
     D:2: 606 daAuts
     D:1: 586 daAuts
     D:3: 131 daAuts

Table legend:
 A = Non-vault XP
 B = Vault XP
 C = Vault XP percentage of total XP
 D = Non-vault monster count
 E = Vault monster count
 F = Vault count percentage of total count
                 A         B        C        D         E       F
            +---------+---------+-------+---------+---------+-------
      Total |     127 |      11 |   8.0 |      40 |       6 |  13.0
            +---------+---------+-------+---------+---------+-------
        D:1 |      40 |       0 |   0.0 |      21 |       0 |   0.0
        D:2 |      61 |      11 |  15.3 |      12 |       6 |  33.3
        D:3 |      26 |       0 |   0.0 |       7 |       0 |   0.0
            +---------+---------+-------+---------+---------+-------
